 Dungeon Crawl Stone Soup version 0.27.1-35-g4d5d836560 (console) character file.

Game seed: 12730719753062579814

861 grimtooth the Firebug (level 7, -2/75 HPs)
             Began as a Demigod Fire Elementalist on Dec 26, 2022.
             Slain by an iguana (5 damage)
             ... on level 6 of the Dungeon.
             The game lasted 00:22:17 (5305 turns).

grimtooth the Firebug (Demigod Fire Elementalist)   Turns: 5305, Time: 00:22:18

Health: -2/75      AC:  6    Str:  6 (9)  XL:     7   Next: 43%
Magic:  11/12      EV: 11    Int: 18 (21) God:
Gold:   219        SH:  0    Dex: 12 (14) Spells: 5/9 levels left

rFire    + + +     SeeInvis .   D - +5 hand axe {vorpal, rPois rF+++ Str-4}
rCold    . . .     Faith    .   (no shield)
rNeg     . . .     Spirit   .   y - +2 leather armour {rF+}
rPois    +         Reflect  .   r - +0 helmet
rElec    .         Harm     .   (no cloak)
rCorr    .         Rampage  .   (no gloves)
Will     .....                  (no boots)
Stlth    ..........             (no amulet)
HPRegen  0.22/turn              A - ring of poison resistance
MPRegen  0.13/turn              (no ring)

@: berserking, very quick
A: high mp 1, forlorn
a: no special abilities


You were on level 6 of the Dungeon.
You visited 1 branch of the dungeon, and saw 6 of its levels.

You collected 219 gold pieces.

Inventory:

Hand Weapons
 h - a +2 hand axe of electrocution
 D - the +5 hand axe of the Tundras (weapon) {vorpal, rPois rF+++ Str-4}
   (You found it on level 6 of the Dungeon)

   It inflicts extra damage upon your enemies.
   Str:       It affects your strength (-4).
   rF:        It renders you almost immune to fire.
   rPois:     It protects you from poison.
Missiles
 c - 59 stones
 i - 39 poisoned darts (quivered)
 o - 31 sling bullets
 C - 3 boomerangs
Armour
 a - a +0 robe
 r - a +0 helmet (worn)
 w - the +3 chain mail "Alocriy" {rC+++}
   (You found it on level 5 of the Dungeon)

   rC:        It renders you almost immune to cold.
 y - a +2 leather armour of fire resistance (worn)
Magical Staves
 u - a staff of fire
Jewellery
 A - a ring of poison resistance (left hand)
Wands
 l - a wand of polymorph (13)
 B - a wand of mindburst (9)
Scrolls
 d - a scroll of noise {unknown}
 e - 4 scrolls of identify {unknown}
 j - a scroll of holy word {unknown}
 m - 2 scrolls of fear {unknown}
 q - 2 scrolls of vulnerability {unknown}
 t - 4 scrolls of teleportation {unknown}
 v - a scroll of enchant weapon {unknown}
 x - a scroll of amnesia {unknown}
Potions
 b - 2 potions of curing {unknown}
 f - 2 potions of degeneration
 g - a potion of resistance {unknown}
 k - 2 potions of attraction {unknown}
 n - a potion of magic {unknown}
 p - a potion of brilliance {unknown}
 s - a potion of heal wounds {unknown}
 z - a potion of berserk rage
 E - a potion of flight {unknown}


   Skills:
 - Level 1.7 Dodging
 - Level 1.7 Stealth
 - Level 1.7 Spellcasting
 + Level 5.6 Conjurations
 + Level 6.3 Fire Magic


You had 5 spell levels left.
You knew the following spells:

 Your Spells              Type           Power      Damage    Failure   Level
a - Foxfire               Conj/Fire      92%        2x1d8     2%          1
c - Conjure Flame         Conj/Fire      23%        6-21      8%          3

Your spell library contained the following spells:

 Spells                   Type           Power      Damage    Failure   Level
 Inner Flame              Hex/Fire       12%        N/A       24%         3
 Sticky Flame             Conj/Fire      23%        2d4       26%         4
 Fireball                 Conj/Fire      11%        3d7       56%         5


Dungeon Overview and Level Annotations

Branches:
Dungeon (6/15)             Temple (0/1) D:4

Shops:
D:3 =

Annotations:
D:3 Sigmund, Terence
D:4 Dowan, Duvessa


Innate Abilities, Weirdness & Mutations

Your attributes grow dramatically as you level up.
You have an increased reservoir of magic. (+10% MP)
You shall have no god before yourself.


Message History

The bullfrog is severely wounded.
You barely miss the shadow imp. The bullfrog hits you. The shadow imp hits you.
The bullfrog barely misses you.
You closely miss the bullfrog.
The bullfrog is severely wounded.
You hit the shadow imp. The bullfrog barely misses you.
The shadow imp hits you. The bullfrog closely misses you.
The shadow imp hits you.
You closely miss the bullfrog.
The bullfrog is severely wounded.
You completely miss the shadow imp. The bullfrog hits you.
The bullfrog barely misses you. The shadow imp barely misses you.
You hit the bullfrog.
The bullfrog is almost dead.
You hit the shadow imp.
You kill the shadow imp!
The bullfrog hits you. The bullfrog hits you!
You closely miss the bullfrog.
The bullfrog is almost dead.
You hit the iguana but do no damage.
The bullfrog hits you but does no damage.
The iguana bites you!
* * * LOW HITPOINT WARNING * * *
The bullfrog hits you but does no damage.
It was a potion of degeneration.
There was something very wrong with that liquid.
You feel weakened.
You feel dopey.
You feel clumsy. The bullfrog closely misses you. The iguana bites you!
* * * LOW HITPOINT WARNING * * *
The bullfrog barely misses you.
It was a potion of berserk rage.
A red film seems to cover your vision as you go berserk!
You feel yourself moving faster!
You feel mighty! The iguana misses you.
The bullfrog hits you but does no damage.
You closely miss the bullfrog.
The bullfrog is almost dead.
You closely miss the iguana. The bullfrog hits you.
* * * LOW HITPOINT WARNING * * *
The iguana bites you.
You die...

# #.#
.... #.##
#
#.#######
#.....l@#
#.#####F#
#<# #.#
#.# #.#
#.# #.#
#.# #.#


You could see a bullfrog and an iguana.

Vanquished Creatures
  A sky beast (D:6)
  A phantom (D:5)
  2 scorpions (D:5)
  A water moccasin skeleton (D:6)
  2 howler monkeys (D:5)
  A centaur zombie (D:6)
  A jelly (D:5)
  6 hounds
  A centaur skeleton (D:4)
  An iguana (D:4)
  An orc wizard (D:6)
  A gnoll (D:2)
  3 adders
  A shadow imp (D:6)
  6 dart slugs
  2 orcs
  8 bats
  4 endoplasms
  3 giant cockroaches
  6 goblins
  9 hobgoblins
  9 jackals
  4 kobolds
  2 quokkas
  7 ball pythons
  A frilled lizard (D:2)
  5 rats
89 creatures vanquished.

Vanquished Creatures (others)
  299 foxfires
299 creatures vanquished.

Grand Total: 388 creatures vanquished

Notes
Turn   | Place    | Note
-------+----------+-------------------------------------------
     0 | D:1      | grimtooth the Demigod Fire Elementalist began the quest for
                  | the Orb.
     0 | D:1      | Reached XP level 1. HP: 14/14 MP: 5/5
    34 | D:1      | Reached skill level 1 in Conjurations
   180 | D:1      | Reached skill level 3 in Fire Magic
   214 | D:1      | Reached XP level 2. HP: 17/20 MP: 0/7
  1335 | D:2      | Reached XP level 3. HP: 26/26 MP: 5/8
  2181 | D:2      | Learned a level 3 spell: Conjure Flame
  2239 | D:3      | Reached XP level 4. HP: 33/33 MP: 4/9
  2245 | D:3      | Noticed Sigmund
  2340 | D:3      | Found Poitriuwk's Jewellery Boutique.
  2728 | D:3      | Noticed Terence
  2962 | D:4      | Reached skill level 4 in Fire Magic
  3167 | D:4      | Reached XP level 5. HP: 20/38 MP: 6/10
  3301 | D:4      | Found a staircase to the Ecumenical Temple.
  3523 | D:4      | Noticed Duvessa
  3619 | D:4      | Noticed Dowan
  3846 | D:5      | Entered Level 5 of the Dungeon
  3894 | D:5      | Identified the +3 chain mail "Alocriy" {rC+++}
  3968 | D:5      | Reached XP level 6. HP: 31/45 MP: 7/11
  4150 | D:5      | Reached skill level 5 in Fire Magic
  4797 | D:6      | Reached skill level 5 in Conjurations
  4797 | D:6      | Reached XP level 7. HP: 50/50 MP: 9/12
  4817 | D:6      | Reached skill level 6 in Fire Magic
  5147 | D:6      | Identified the +5 hand axe of the Tundras {vorpal, rPois
                  | rF+++ Str-4}
  5208 | D:6      | Noticed a two-headed ogre
  5305 | D:6      | HP: 3/75 [bullfrog (3)]
  5305 | D:6      | Slain by an iguana

Illustrated notes

Levels and vault maps discovered:
D:1:      dpeg_arrival_another_circle, layout_basic,
          hellmonk_ecumenical_altar_crossroads
D:2:      layout_basic, minmay_pentomino_s4
D:3:      layout_basic, nemelex_diamond_rough_becter, serial_shops, shop,
          minmay_circle_x, uniq_terence, uniq_sigmund
D:4:      layout_loops_corners, mainiacjoe_overflow_alcove_2,
          minmay_temple_entry_overgrown, minmay_misc_feat_secret_circle,
          uniq_duvessa
D:5:      layout_loops_cross
D:6:      layout_basic

Skill      XL: |  1  2  3  4  5  6  7 |
---------------+----------------------+-----
Conjurations   | 1 2 3 4 5 |  5.6
Fire Magic     | 3 4 5 6 |  6.3
Dodging        | |  1.7
Stealth        | |  1.7
Spellcasting   | |  1.7

Action                   |  1- 3 |  4- 6 |  7- 9 || total
-------------------------+-------+-------+-------++-------
Melee: Hand axe          |    10 |     7 |     7 ||    24
       Staff             |       |     1 |     2 ||     3
Throw: Dart              |     1 |       |     2 ||     3
 Cast: Foxfire           |    84 |    66 |    24 ||   174
       Conjure Flame     |       |     1 |     4 ||     5
  Use: Potion            |       |       |     2 ||     2
Armor: Robe              |    18 |     4 |       ||    22
       Leather armour    |       |     1 |    11 ||    12
Dodge: Dodged            |    43 |    31 |    13 ||    87
